 Dungeon Crawl Stone Soup version bcrawl-1.40.3b (webtiles) character file.

Game seed: 15654522009911005639

9162494 Finalfun the Severer (level 16, -5/151 HPs)
             Began as a Pale Draconian Archaeologist on Mar 21, 2024.
             Was an Initiate of Gozag.
             Slain by a redback (7 damage)
             ... on level 1 of the Spider Nest.
             The game lasted 01:36:17 (30648 turns).

Finalfun the Severer (DrAc)                        Turns: 30648, Time: 01:36:18

Health: -5/151     AC: 12    Str: 21    XL:     16   Next: 78%
Magic:  23/23      EV:  8    Int: 15    God:    Gozag
Gold:   1226       SH: 28    Dex: 11    Spells: 16/17 levels left

rFire    . . .     GDR:     23% a - +9 broad axe (flame)
rCold    + . .     SeeInvis .   S - +8 large shield {rC+}
rNeg     + . .     Gourm    .   (armour unavailable)
rPois    .         Faith    .   c - +1 hat
rElec    .         Spirit   .   t - scarf {repulsion}
rCorr    .         Reflect  .   n - +0 pair of gloves
MR       ++...     Clarity  +   g - +0 pair of boots {run}
Stlth    ++........             W - amulet of magic regeneration
HPRegen  0.35/turn              i - ring "Calem" {Wiz +Inv rN+ Slay+5}
MPRegen  0.52/turn              C - ring of protection from magic

@: lethally poisoned (-5 -> -14), studying Air Magic, repel missiles, quick
A: breathe steam, unfitting armour, big wings, fangs 1, clarity, strong 1,
cold-blooded, AC +9
}: 1/15 runes: barnacled
a: Breathe Steam, Fly, Potion Petition, Call Merchant, Bribe Branch, Renounce
Religion, Evoke Invisibility


You were on level 1 of the Spider Nest.
You worshipped Gozag.
Gozag was most pleased with you.
You were not hungry.

You visited 6 branches of the dungeon, and saw 24 of its levels.
You also visited: Bailey.

You collected 8534 gold pieces.
You spent 6670 gold pieces at shops.
You paid 638 gold pieces to Gozag.

Inventory:

Hand Weapons
 a - a +9 broad axe of flaming (weapon)
 b - a +0 blowgun
Missiles
 h - 77 curare-tipped needles
 j - 6 throwing nets {=f}
 o - 335 steel javelins (quivered)
 O - 901 poisoned tomahawks
Armour
 c - a +1 hat (worn)
 g - a +0 pair of boots of running (worn)
 n - a +0 pair of gloves (worn)
 t - a scarf of repulsion (worn)
 S - a +8 large shield of cold resistance (worn)
Jewellery
 i - the ring "Calem" (left hand) {Wiz +Inv rN+ Slay+5}
   (You bought it in a shop in the Orcish Mines)

   [ring of wizardry]

   It improves your spell success rate.
   It affects your accuracy and damage with ranged weapons and melee attacks
   (+5).
   It protects you from negative energy.
   It lets you turn invisible.
 l - the ring of Yesterday {Ice rN+ Str-2 SInv}
   (You took it off a merfolk on level 3 of the Shoals)

   [ring of ice]

   It enhances your ice magic.
   It affects your strength (-2).
   It makes you vulnerable to fire.
   It protects you from cold.
   It protects you from negative energy.
   It lets you see invisible.
 C - a ring of protection from magic (right hand)
 W - an amulet of magic regeneration (around neck)
Wands
 B - a wand of digging (9)
 F - a wand of clouds (13)
 L - a wand of disintegration (19)
 M - a wand of scattershot (3)
 N - a wand of charming (15)
 R - a wand of iceblast (34)
 U - a wand of acid (9)
 X - a wand of polymorph (18)
Scrolls
 f - 6 scrolls of revelation
 k - 3 scrolls of fog
 m - 9 scrolls of teleportation
 p - 5 scrolls of remove curse
 q - 6 scrolls of fear
 r - 2 scrolls of vulnerability
 y - 3 scrolls of blinking
 G - a scroll of summoning
 J - a scroll of silence
 Q - a scroll of torment
 Y - 3 scrolls of immolation
Potions
 d - 2 potions of curing
 s - 3 potions of agility
 z - 5 potions of haste
 A - a potion of berserk rage
 D - 2 potions of ambrosia
 E - 3 potions of might
 I - 4 potions of heal wounds
 V - 4 potions of magic
 Z - 2 potions of invisibility
Miscellaneous
 u - a fan of gales (2/2)
 v - a sack of spiders
 x - a phantom mirror
 H - a lightning rod (4/4)
 P - a phial of floods (inert)
Comestibles
 e - 13 rations {!d}


   Skills:
 - Level 16.0 Fighting
 + Level 17.4(17.7) Axes
   Level 1.0(11.8) Maces & Flails
   Level 5.2(12.7) Polearms
 + Level 4.1 Dodging
 - Level 3.0 Stealth
 + Level 15.5 Shields
 - Level 1.4 Spellcasting
 - Level 1.5 Summonings
 - Level 10.0 Evocations


You had 16 spell levels left.
You knew the following spells:

 Your Spells              Type           Power        Failure   Level  Hunger
a - Summon Small Mammal   Summ           #...         75%         1    None

Your spell library contained the following spells:

 Spells                   Type           Power        Failure   Level  Hunger
 Summon Butterflies       Summ           #.......     75%         1    None
 Call Imp                 Summ           #.....       86%         2    ###....
 Throw Frost              Conj/Ice       #.....       90%         2    ###....
 Apportation              Tloc           #.....       91%         1    None
 Corona                   Hex            #......      91%         1    None
 Flame Tongue             Conj/Fire      #....        91%         1    None
 Freeze                   Ice            #.....       91%         1    None
 Infusion                 Chrm           #.......     91%         1    None
 Sandblast                Erth           #.....       91%         1    None
 Slow                     Hex            #.......     91%         1    None
 Sting                    Conj/Pois      #...         91%         1    None
 Flaming Arrows           Chrm/Fire      #.......     97%         2    ###....
 Passwall                 Tmut/Erth      #.......     97%         2    ###....
 Poisonous Vapours        Pois/Air       #.....       97%         2    ###....
 Call Canine Familiar     Summ           #.......     98%         3    #####..
 Conjure Flame            Conj/Fire      #.......     99%         3    #####..
 Ignite Poison            Fire/Tmut/Pois #.......     99%         3    #####..
 Inner Flame              Hex/Fire       N/A          99%         3    #####..
 Ozocubu's Armour         Chrm/Ice       #.......     99%         3    #####..
 Stone Arrow              Conj/Erth      #.....       99%         3    #####..
 Ice Form                 Ice/Tmut       #.......     100%        4    ######.
 Olgreb's Toxic Radiance  Pois           #........    100%        4    ######.
 Petrify                  Tmut/Erth      #.........   100%        4    ######.
 Sticky Flame             Conj/Fire      #.......     100%        4    ######.
 Summon Ice Beast         Ice/Summ       #.......     100%        4    ######.
 Summon Scorpions         Summ/Pois      #.......     100%        4    ######.
 Throw Icicle             Conj/Ice       #.......     100%        4    ######.
 Bolt of Magma            Conj/Fire/Erth #.........   100%        5    #######
 Fireball                 Conj/Fire      #.........   100%        5    #######
 Freezing Cloud           Ice/Air        #.......     100%        5    #######
 Iskenderun's Battlesphe  Conj/Chrm      #.......     100%        5    #######
 Lee's Rapid Deconstruct  Erth           #.........   100%        5    #######
 Metabolic Englaciation   Hex/Ice        #.........   100%        5    #######
 Piercing Shot            Chrm           #.........   100%        5    #######
 Steam Barrier            Chrm/Fire      #.........   100%        5    #######
 Summon Lightning Spire   Summ/Air       #.......     100%        5    #######
 Venom Bolt               Conj/Pois      #.........   100%        5    #######
 Bolt of Cold             Conj/Ice       #.........   100%        6    #######
 Bolt of Fire             Conj/Fire      #.........   100%        6    #######
 Ozocubu's Refrigeration  Ice            #.........   100%        6    #######
 Simulacrum               Ice/Necr       #.......     100%        6    #######
 Ignition                 Hex/Fire       #.........   100%        8    #######
 Time Stop                Chrm/Tloc      N/A          100%        8    #######


Dungeon Overview and Level Annotations

Branches:
Dungeon (12/12)            Temple (1/1) D:7            Lair (6/6) D:8
 Shoals (3/3) Lair:2       Spider (1/3) Lair:3        Slime (0/5) Orc
    Orc (1/1) D:8          Vaults (0/3) D:12         Forest (0/3) Lair:6
 Depths (0/5) D:12

Altars:
Ashenzari
Cheibriados
Dithmenos
Elyvilon
Fedhas
Gozag
Kikubaaqudgha
Lugonu
Nemelex Xobeh
Okawaru
Qazlal
Ru
Sif Muna
Trog
Uskayaw
Wu Jian
Xom
Zin
The Shining One
Jiyva

Shops:
D:5 (   D:6 }*??   Orc [=*(?

Annotations:
D:8 3 runed translucent doors, yrara's ghost, novice DsFi
D:12 1 runed translucent door, 2 transporters, kuniqs's ghost, journeyman FoFi
Lair:6 exclusion: obsidian statue


Innate Abilities, Weirdness & Mutations

You can breathe blasts of scalding, opaque steam.
Your pale cyan-grey scales are hard. (AC +9)
You cannot fit into any form of body armour.
You are cold-blooded and may be slowed by cold attacks.
Your large and strong wings let you fly indefinitely.
You have very sharp teeth.
You possess an exceptional clarity of mind.
Your muscles are strong. (Str +2)


Message History

The wolf spider bites you.
You are poisoned.
The wolf spider poisons you!
The jumping spider leaps!
The jumping spider pounces on you!!
The redback hits you but does no damage.
The redback bites you but does no damage.
A redback comes into view.
The redback barely misses you. The redback bites you. The redback hits you!
You are even more entangled.
The redback bites you. The jumping spider pounces on you!!
* * * LOW HITPOINT WARNING * * *
The wolf spider hisses angrily.
The tarantella hisses angrily.
There is a crawl-hole back to the Lair, spattered with blood here.
You feel sick.
You hear an angry hiss.
You block the wolf spider's attack. x2; The jumping spider pounces on you!!
* * * LOW HITPOINT WARNING * * *
You block the redback's attack. The redback bites you!
You die...
Your body crumbles into a pile of gold.

...... ......
......##.....
........... .
.........
..##(....s
.........#
.....°sss##
.....ss@s.#
.......ss##
.......^.#
.^..s.s###
......s
#.#.... #
..... ..#..s


You could see a demonic crawler, 2 wolf spiders, 3 jumping spiders, a tarantella
and 6 redbacks.

Vanquished Creatures
  A kraken (Shoals:2)
  Donald (Shoals:3)
  A frost giant (D:11)
  2 orc warlords
  4 dire elephants (Lair:6)
  Snorg (D:11)
  The ghost of foxfromabyss the Transmogrifier, a journeyman MfTm of Makhleb (Lair:3)
  2 merfolk javelineers (Shoals:3)
  4 merfolk impalers
  An ettin (D:12)
  The ghost of Exe the Protected, a journeyman MiAc of Trog (Orc)
  Harold (D:8)
  Fannar (Lair:1)
  4 hydras
  A catoblepas (D:11)
  6 merfolk avatars
  Sonja (D:11)
  3 merfolk aquamancers
  The ghost of Strow the Cleaver, a novice MiFi of Okawaru (D:9)
  2 ogre magi
  6 death yaks (Lair:6)
  5 two-headed ogres
  10 sea snakes
  2 orc high priests (Orc)
  A deep troll earth mage (D:11)
  2 tengu warriors (D:12)
  2 satyrs (Shoals:3)
  2 spectral dire elephants (Lair:6)
  4 centaur warriors
  A deep troll (D:12)
  A spectral anaconda (Lair:6)
  2 wolf spider zombies
  A lindwurm (Lair:6)
  2 cyclopes
  3 necromancers (Lair:6)
  3 orc knights
  9 harpies
  2 deep elf magi
  A wolf spider (Lair:3)
  3 orc sorcerers (Orc)
  9 fauns
  9 manticores
  3 ugly things
  29 elephants
  A dire elephant zombie (Lair:6)
  5 black mambas
  Joseph (D:8)
  5 merfolk sirens
  6 water nymphs
  6 cane toads
  9 komodo dragons
  5 rime drakes
  An efreet (D:12)
  6 wind drakes
  13 merfolk
  4 polar bears
  7 trolls
  6 slime creatures
  7 snapping turtles
  A spectral elephant (Lair:6)
  14 blink frogs
  Prince Ribbit (D:6)
  15 dream sheep
  9 hippogriffs
  Grum (D:11)
  A meliai zombie (D:9)
  Sigmund (D:5)
  A spriggan (D:7)
  40 yaks
  9 water elementals
  A wraith (D:12)
  A wyvern (Lair:6)
  3 hungry ghosts
  2 vampire mosquitoes (D:11)
  Edmund (D:6)
  2 spectral cane toads (Lair:6)
  2 acid dragons
  A warg (Orc)
  14 crocodiles
  7 water moccasins
  3 porcupines
  A soldier ant (D:10)
  An elephant zombie (Lair:6)
  29 orc warriors
  4 ice beasts
  4 sky beasts
  A phantom (D:5)
  2 necrophages (D:11)
  10 wolves
  7 ogres
  3 elephant skeletons (Lair:6)
  10 bullfrogs
  A kobold brigand (D:9)
  3 cane toad simulacra (Lair:6)
  6 centaurs
  A water moccasin skeleton (D:5)
  A scorpion (D:7)
  An elephant simulacrum (Lair:6)
  7 killer bees
  4 howler monkeys
  6 electric eels
  21 orc priests
  2 bullfrog zombies
  4 crimson imps
  A quasit (D:8)
  12 hounds
  2 jellies
  2 bullfrog skeletons
  24 orc wizards
  An iguana (D:4)
  9 worker ants
  A hound zombie (D:5)
  2 hound skeletons
  7 adders
  6 gnolls
  4 shadow imps
  4 oozes
  An adder skeleton (D:5)
  4 worms
  A dart slug (D:3)
  4 leopard geckos
  91 orcs
  6 bats
  4 giant cockroaches
  14 goblins
  12 hobgoblins
  10 jackals
  28 kobolds
  6 quokkas
  A ball python (D:1)
  4 frilled lizards
  7 rats
  2 fungi
  8 plants
  A tentacle (Shoals:2)
  A withered plant (Lair:6)
772 creatures vanquished.

Vanquished Creatures (collateral kills)
  A merfolk javelineer (Shoals:3)
  A hydra (Lair:6)
  A merfolk aquamancer (Shoals:3)
  A snapping turtle (Shoals:3)
  A worker ant (D:10)
  2 adders (D:10)
7 creatures vanquished.

Vanquished Creatures (others)
  A dancing weapon (D:9)
  An orc (Orc)
  A bush (Lair:2)
  9 fungi
  13 plants
  11 tentacles
  25 withered plants (Lair:6)
61 creatures vanquished.

Grand Total: 840 creatures vanquished

Notes
Turn   | Place    | Note
-------+----------+-------------------------------------------
     0 | D:1      | Finalfun the Draconian Archaeologist began the quest for
                  | the Orb.
     0 | D:1      | Reached XP level 1. HP: 16/16 MP: 1/1
   127 | D:1      | Reached XP level 2. HP: 18/24 MP: 2/2
   844 | D:2      | Found a white marble altar of Elyvilon.
   856 | D:2      | Reached XP level 3. HP: 26/30 MP: 3/3
  1173 | D:2      | Became a worshipper of Elyvilon the Healer
  2013 | D:3      | Reached XP level 4. HP: 34/38 MP: 4/4
  2354 | D:3      | Reached skill level 1 in Polearms
  2354 | D:3      | Reached XP level 5. HP: 46/46 MP: 5/5
  2354 | D:3      | Identified a scroll of acquirement
  2368 | D:3      | Identified a +0 pair of boots of running (You acquired it
                  | on level 3 of the Dungeon)
  2436 | D:3      | Reached * piety under Elyvilon
  2459 | D:3      | Noticed an ice beast
  2503 | D:3      | Killed an ice beast
  2613 | D:3      | Reached XP level 6. HP: 53/53 MP: 6/6
  2642 | D:3      | Found an ancient bone altar of Kikubaaqudgha.
  3243 | D:4      | Reached skill level 5 in Fighting
  3339 | D:4      | Noticed an ice beast
  3364 | D:4      | Killed an ice beast
  3497 | D:4      | Reached ** piety under Elyvilon
  3522 | D:4      | Your scales start taking on a pale cyan-grey colour.
  3522 | D:4      | Reached XP level 7. HP: 61/61 MP: 7/7
  3588 | D:4      | Learned a level 1 spell: Summon Small Mammal
  3654 | D:4      | Reached skill level 5 in Polearms
  3678 | D:4      | Got a buzzing war axe
  3720 | D:4      | Found a glowing silver altar of Zin.
  3730 | D:4      | Reached skill level 1 in Summonings
  3792 | D:4      | Reached skill level 1 in Spellcasting
  3814 | D:4      | Found a corrupted altar of Lugonu.
  4036 | D:5      | Entered Level 5 of the Dungeon
  4225 | D:5      | Identified the +5 war axe "Orb Guardian's Death" {venom,
                  | Str+5} (You found it on level 4 of the Dungeon)
  4279 | D:5      | Reached skill level 1 in Axes
  4279 | D:5      | Reached skill level 1 in Shields
  4329 | D:5      | Noticed Sigmund
  4347 | D:5      | Killed Sigmund
  4348 | D:5      | Reached skill level 2 in Axes
  4417 | D:5      | Reached XP level 8. HP: 67/68 MP: 10/10
  4450 | D:5      | Reached skill level 3 in Axes
  4642 | D:5      | Found Piagg's Antique Weapon Shop.
  4922 | D:6      | Noticed a troll
  4934 | D:6      | Killed a troll
  4935 | D:6      | Reached skill level 4 in Axes
  5051 | D:6      | Found Isatubiuni's Magic Scroll Boutique.
  5121 | D:6      | Found Tavick's Magic Scroll Shoppe.
  5140 | D:6      | Reached *** piety under Elyvilon
  5144 | D:6      | Found Iddawo Gopu's Food Emporium.
  5251 | D:6      | Reached skill level 5 in Axes
  5251 | D:6      | Reached skill level 5 in Shields
  5279 | D:6      | Noticed Prince Ribbit
  5332 | D:6      | Killed Prince Ribbit
  5512 | D:6      | Noticed Edmund
  5519 | D:6      | Killed Edmund
  5520 | D:6      | Reached XP level 9. HP: 66/74 MP: 11/11
  5543 | D:6      | Found Oximaaxu's Gadget Boutique.
  5620 | D:6      | Found Peciez's Assorted Antiques.
  5636 | D:6      | Found a stormy altar of Qazlal.
  5637 | D:6      | Found a shimmering blue altar of Sif Muna.
  5637 | D:6      | Found an ornate altar of the Wu Jian Council.
  5646 | D:6      | Got a bloodstained shortbow
  5694 | D:6      | Reached skill level 6 in Axes
  5772 | D:6      | Found a blossoming altar of Fedhas.
  5772 | D:6      | Found a snail-covered altar of Cheibriados.
  5773 | D:6      | Found a shimmering altar of Xom.
  5840 | D:6      | Noticed a centaur warrior
  5850 | D:6      | Killed a centaur warrior
  5851 | D:6      | Reached skill level 7 in Axes
  6090 | D:7      | Reached skill level 8 in Axes
  6119 | D:7      | Found a sacrificial altar of Ru.
  6193 | D:7      | Reached **** piety under Elyvilon
  6292 | D:7      | Found a staircase to the Ecumenical Temple.
  6301 | Temple   | Entered the Ecumenical Temple
  6309 | Temple   | Fell from the grace of Elyvilon
  6309 | Temple   | Became a worshipper of Gozag Ym Sagoz the Greedy
  6469 | D:7      | Found a glowing golden altar of the Shining One.
  6550 | D:7      | Reached skill level 9 in Axes
  6576 | D:7      | Noticed a troll
  6585 | D:7      | Killed a troll
  6968 | D:6      | Bought a wand of disintegration (20) for 144 gold pieces
  6968 | D:6      | Bought a wand of scattershot (5) for 198 gold pieces
  7074 | D:8      | Noticed a two-headed ogre
  7077 | D:8      | Noticed Joseph
  7082 | D:8      | Killed a two-headed ogre
  7083 | D:8      | Reached skill level 10 in Axes
  7083 | D:8      | Reached XP level 10. HP: 52/81 MP: 12/12
  7095 | D:8      | Killed Joseph
  7387 | D:8      | Found a staircase to the Lair.
  7389 | D:8      | Found a sparkling altar of Nemelex Xobeh.
  7586 | D:8      | Reached skill level 5 in Evocations
  7946 | D:8      | Reached skill level 11 in Axes
  8277 | D:8      | Found a roughly hewn altar of Beogh.
  8277 | D:8      | Found a staircase to the Orcish Mines.
  8321 | Lair:1   | Entered Level 1 of the Lair of Beasts
  8345 | Lair:1   | Noticed a seven-headed hydra
  8353 | Lair:1   | Killed a seven-headed hydra
  8460 | Lair:1   | Reached skill level 12 in Axes
  8463 | Lair:1   | Reached XP level 11. HP: 70/86 MP: 15/15
  8859 | Lair:1   | Identified the ring of Amorality {Ice Dex+4}
  8859 | Lair:1   | Noticed Fannar
  8871 | Lair:1   | Killed Fannar
  9296 | Lair:1   | Reached skill level 14 in Axes
  9296 | Lair:1   | Reached XP level 12. HP: 94/94 MP: 16/16
  9351 | Lair:2   | Reached skill level 15 in Axes
  9890 | Lair:2   | Noticed a six-headed hydra
  9894 | Lair:2   | Killed a six-headed hydra
 10831 | Lair:3   | Noticed foxfromabyss's ghost (journeyman MfTm)
 11069 | Lair:3   | Found a runed translucent door.
 11074 | Lair:3   | Found a hole to the Spider Nest.
 11171 | D:6      | Bought a lightning rod (4/4) for 440 gold pieces
 11171 | D:6      | Bought a phial of floods for 440 gold pieces
 11171 | D:6      | Bought a wand of iceblast (6) for 115 gold pieces
 11171 | D:6      | Bought a wand of disintegration (5) for 40 gold pieces
 11171 | D:6      | Bought a wand of acid (9) for 220 gold pieces
 11773 | Lair:3   | Reached XP level 13. HP: 82/100 MP: 19/19
 12197 | Lair:4   | Gained mutation: You have a pair of small horns on your
                  | head. [potion of mutation]
 12197 | Lair:4   | Gained mutation: You are frail. (-10% HP) [potion of
                  | mutation]
 12197 | Lair:4   | Gained mutation: Your large and strong wings let you fly
                  | indefinitely. [potion of mutation]
 12197 | Lair:4   | Gained mutation: You evolve. [potion of mutation]
 12198 | Lair:4   | Lost mutation: You are frail. (-10% HP) [potion of
                  | mutation]
 12198 | Lair:4   | Lost mutation: You have a pair of small horns on your head.
                  | [potion of mutation]
 12198 | Lair:4   | Gained mutation: Your muscles are strong. (Str +2) [potion
                  | of mutation]
 12198 | Lair:4   | Gained mutation: You have very sharp teeth. [potion of
                  | mutation]
 12198 | Lair:4   | Lost mutation: You evolve. [potion of mutation]
 12198 | Lair:4   | Gained mutation: You possess an exceptional clarity of
                  | mind. [potion of mutation]
 13347 | Lair:4   | Reached skill level 10 in Evocations
 13771 | Lair:5   | Reached skill level 10 in Shields
 14804 | Lair:6   | Entered Level 6 of the Lair of Beasts
 15527 | Lair:6   | Found a staircase to the Spriggan Forest.
 15562 | Lair:6   | Reached XP level 14. HP: 74/115 MP: 21/21
 16338 | Lair:6   | Reached skill level 10 in Fighting
 18075 | D:6      | Bought a phantom mirror for 220 gold pieces
 18075 | D:6      | Bought a box of beasts for 220 gold pieces
 18075 | D:6      | Bought a sack of spiders for 330 gold pieces
 18075 | D:6      | Bought a fan of gales (2/2) for 330 gold pieces
 18165 | D:6      | Bought a ration for 60 gold pieces
 18165 | D:6      | Bought a ration for 60 gold pieces
 18165 | D:6      | Bought a ration for 60 gold pieces
 18165 | D:6      | Bought a ration for 60 gold pieces
 18165 | D:6      | Bought a ration for 60 gold pieces
 18165 | D:6      | Bought a ration for 60 gold pieces
 18165 | D:6      | Bought a ration for 60 gold pieces
 18309 | D:8      | Noticed Harold
 18338 | D:8      | Killed Harold
 18525 | D:8      | Found a runed translucent gate.
 18526 | D:8      | Found a runed translucent gate.
 18526 | D:8      | Found a runed translucent gate.
 18527 | D:8      | Noticed yrara's ghost (novice DsFi)
 18822 | D:9      | Found a runed translucent door.
 18822 | D:9      | Found a shimmering altar of Xom.
 18822 | D:9      | Noticed Strow's ghost (novice MiFi)
 19079 | D:9      | Found the +12 glaive of Prune {chop, lignify}
 19276 | D:9      | Found a hide-covered altar of Uskayaw.
 19276 | D:9      | Found an iron altar of Okawaru.
 19390 | D:10     | Entered Level 10 of the Dungeon
 19607 | D:10     | Found a shadowy altar of Dithmenos.
 20466 | D:11     | Noticed Snorg
 20495 | D:11     | Killed Snorg
 20726 | D:11     | Noticed Sonja
 20730 | D:11     | Killed Sonja
 20731 | D:11     | Reached XP level 15. HP: 120/136 MP: 22/22
 21000 | D:11     | Noticed Grum
 21001 | D:11     | Found a hide-covered altar of Uskayaw.
 21002 | D:11     | Noticed a frost giant
 21118 | D:11     | Killed a frost giant
 21301 | D:11     | Killed Grum
 21388 | D:11     | Found a bloodstained altar of Trog.
 21630 | D:12     | Entered Level 12 of the Dungeon
 21645 | D:12     | Found a flagged portal.
 21674 | Bailey   | Entered a bailey
 21697 | Bailey   | Noticed an orc warlord
 21771 | Bailey   | Found a runed gate.
 21771 | Bailey   | Found a runed gate.
 21780 | Bailey   | Found a runed gate.
 22019 | Bailey   | Killed an orc warlord
 22092 | D:12     | Identified the +0 hat of Whack-A-Mole {+Inv MR- Str+4} (You
                  | acquired it on level 12 of the Dungeon)
 22092 | D:12     | Identified the amulet of Xom's Scorn {Acrobat rElec rC-
                  | Str-4 Int+9} (You acquired it on level 12 of the Dungeon)
 22094 | D:12     | Identified the +1 pair of gloves of Pyukhagg {rF+++ Str-5
                  | Int+4} (You acquired it on level 12 of the Dungeon)
 22094 | D:12     | Identified the ring "Koumebepp" {Int+3 SInv} (You acquired
                  | it on level 12 of the Dungeon)
 22139 | D:12     | Found a runed translucent door.
 22147 | D:12     | Found a gate to the Vaults.
 22147 | D:12     | Noticed a mature firebat beast
 22147 | D:12     | Noticed a mature batweird beast
 22631 | D:12     | Found a bloodstained altar of Trog.
 22680 | D:12     | Noticed kuniqs's ghost (journeyman FoFi)
 22681 | D:12     | Found a transporter.
 22774 | D:12     | Found a transporter.
 22914 | D:12     | Found a staircase to the Depths.
 23519 | Orc      | Entered the Orcish Mines
 23540 | Orc      | Reached skill level 16 in Axes
 23722 | Orc      | Found a roughly hewn altar of Beogh.
 23908 | Orc      | Noticed an orc warlord
 23938 | Orc      | Killed an orc warlord
 24054 | Orc      | Found Laos's Jewellery Boutique.
 24068 | Orc      | Found Osa Vuro's Antique Armour Boutique.
 24276 | Orc      | Found a roughly hewn altar of Beogh.
 24380 | Orc      | Found a runed translucent door.
 24485 | Orc      | Found a viscous altar of Jiyva.
 24485 | Orc      | Found a staircase to the Slime Pits.
 24626 | Orc      | Noticed Exe's ghost (journeyman MiAc)
 24642 | Orc      | Found Jexky's General Store.
 24668 | Orc      | Found Cesak's Antique Weapon Boutique.
 24752 | Orc      | Found Ohojoar's Magic Scroll Shoppe.
 24921 | Orc      | Killed Exe's ghost
 24928 | Orc      | Got a crystal scimitar
 24932 | Orc      | Identified the +10 scimitar of Oficvy {elec, Str+6 Int-3}
                  | (You found it in the Orcish Mines)
 24970 | Orc      | Bought a scroll of revelation for 52 gold pieces
 24970 | Orc      | Bought 2 potions of heal wounds for 130 gold pieces
 24970 | Orc      | Bought a ration for 65 gold pieces
 25002 | Orc      | Bought the ring "Calem" {Wiz +Inv rN+ Slay+5} for 995 gold
                  | pieces
 25002 | Orc      | Bought an uncursed ring of protection from magic for 400
                  | gold pieces
 25050 | Orc      | Bought a scroll of teleportation for 39 gold pieces
 25050 | Orc      | Bought a scroll of blinking for 97 gold pieces
 25050 | Orc      | Bought a scroll of vulnerability for 97 gold pieces
 25050 | Orc      | Bought a scroll of enchant armour for 97 gold pieces
 25050 | Orc      | Bought a scroll of revelation for 52 gold pieces
 25340 | D:9      | Killed Strow's ghost
 25470 | D:6      | Bought a scroll of enchant armour for 225 gold pieces
 25504 | D:6      | Bought a scroll of fear for 60 gold pieces
 25504 | D:6      | Bought a scroll of acquirement for 624 gold pieces
 25504 | D:6      | Bought a scroll of summoning for 120 gold pieces
 25504 | D:6      | Bought a scroll of fear for 60 gold pieces
 25504 | D:6      | Identified the +3 broad axe "Butev" {holy, rC++ Str+4} (You
                  | acquired it on level 6 of the Dungeon)
 25504 | D:6      | Identified the amulet of Colivuot {Spirit rC+ Int+4} (You
                  | acquired it on level 6 of the Dungeon)
 25593 | Shoals:1 | Entered Level 1 of the Shoals
 25782 | Lair:2   | Identified the amulet "Feydunt" {Rage Int+4} (You acquired
                  | it on level 2 of the Lair of Beasts)
 26424 | Shoals:1 | Reached XP level 16. HP: 94/147 MP: 23/23
 26670 | Shoals:1 | Reached skill level 15 in Fighting
 27444 | Shoals:2 | Noticed a kraken
 27460 | Shoals:2 | Killed a kraken
 27801 | Shoals:2 | Found Hezac's Food Shop.
 27815 | Shoals:2 | Bought a ration for 55 gold pieces
 27815 | Shoals:2 | Bought a ration for 55 gold pieces
 27815 | Shoals:2 | Bought a ration for 55 gold pieces
 27815 | Shoals:2 | Bought a ration for 55 gold pieces
 27815 | Shoals:2 | Bought a ration for 55 gold pieces
 27815 | Shoals:2 | Bought a ration for 55 gold pieces
 27815 | Shoals:2 | Bought a ration for 55 gold pieces
 27815 | Shoals:2 | Bought a ration for 55 gold pieces
 28357 | Shoals:3 | Entered Level 3 of the Shoals
 28726 | Shoals:3 | Reached skill level 17 in Axes
 28732 | Shoals:3 | Reached skill level 15 in Shields
 28749 | Shoals:3 | Got a barnacled rune of Zot
 29211 | Shoals:3 | Noticed Donald
 29221 | Shoals:3 | Killed Donald
 29352 | Shoals:3 | Noticed a kraken
 29458 | Shoals:3 | Identified the ring of Yesterday {Ice rN+ Str-2 SInv}
 29783 | Shoals:3 | Noticed a kraken
 30611 | Lair:3   | Killed foxfromabyss's ghost
 30636 | Spider:1 | Entered Level 1 of the Spider Nest
 30648 | Spider:1 | HP: 2/151 [jumping spider (22)]
 30648 | Spider:1 | Slain by a redback

Skill      XL: |  1  2  3  4  5  6  7  8  9 10 11 12 13 14 15 16 |
---------------+-------------------------------------------------+-----
Dodging        | 3 4 |  4.1
Fighting       | 2 3 4 5 8 13 14 16 | 16.0
Polearms       | 1 2 4 5 |  5.2
Summonings     | 1 |  1.5
Spellcasting   | 1 |  1.4
Axes           | 2 5 10 12 14 15 16 17 | 17.4
Shields        | 2 5 6 8 12 13 14 15 | 15.5
Evocations     | 2 6 9 10 | 10.0
Maces & Flails | |  1.0
Stealth        | |  3.0

Action                   |  1- 3 |  4- 6 |  7- 9 | 10-12 | 13-15 | 16-18 || total
-------------------------+-------+-------+-------+-------+-------+-------++-------
Melee: Whip              |   144 |       |       |       |       |       ||   144
       Tailslap          |    20 |    28 |    26 |    39 |   153 |    23 ||   289
       Dagger            |    78 |    59 |       |       |       |       ||   137
       Trident           |       |   141 |    57 |       |       |       ||   198
       War axe           |       |       |   168 |   327 |   821 |       ||  1316
       Bite              |       |       |       |       |   115 |    13 ||   128
       Broad axe         |       |       |       |       |   324 |   203 ||   527
 Fire: Blowgun           |     3 |     8 |     4 |       |       |     1 ||    16
Throw: Stone             |       |       |     5 |       |       |       ||     5
       Tomahawk          |       |       |       |    34 |    44 |   107 ||   185
       Javelin           |       |       |       |       |       |     2 ||     2
Invok: Lesser Healing    |       |       |     1 |       |       |       ||     1
       Potion Petition   |       |       |       |     1 |     1 |       ||     2
 Abil: Breathe Steam     |       |       |       |     9 |    25 |    21 ||    55
       Fly               |       |       |       |       |     1 |       ||     1
       Stop Flying       |       |       |       |       |     1 |       ||     1
Evoke: Wand              |       |       |       |     9 |     4 |       ||    13
       Phial of floods   |       |       |       |       |     3 |     1 ||     4
       Lightning rod     |       |       |       |       |       |     3 ||     3
       Box of beasts     |       |       |       |       |       |     1 ||     1
  Use: Scroll            |     5 |     3 |     4 |     3 |    29 |     5 ||    49
       Potion            |       |       |     1 |     5 |     7 |     2 ||    15
 Stab: Sleeping          |     5 |     6 |     8 |     1 |     5 |     1 ||    26
       Distracted        |       |       |     2 |     3 |     8 |     1 ||    14
       Invisible         |       |       |       |       |       |     1 ||     1
  Eat: Chunk             |     9 |    11 |    16 |       |       |       ||    36
       Ration            |       |       |     1 |     6 |    19 |     7 ||    33
Armor: Skin              |    83 |    62 |    62 |    56 |   235 |    38 ||   536
Dodge: Dodged            |   147 |   107 |    78 |    68 |   286 |    37 ||   723
       Deflected         |       |     4 |     2 |     4 |    16 |     7 ||    33
Block: Medium shield     |       |       |    91 |   105 |   593 |       ||   789
       Large shield      |       |       |       |       |    65 |   339 ||   404
